 Dungeon Crawl Stone Soup version 0.17-a0-1435-geafbe2f (webtiles) character file.

109 panicbit the Shield-Bearer (level 4, 0/40 HPs)
             Began as a Minotaur Fighter on June 26, 2015.
             Killed from afar by orochimarko's ghost (7 damage)
             ... with a puff of frost
             ... on level 3 of the Dungeon.
             The game lasted 00:04:40 (1279 turns).

panicbit the Shield-Bearer (Minotaur Fighter)       Turns: 1279, Time: 00:04:40

Health: 0/40       AC:  7    Str: 20    XL:     4   Next: 59%
Magic:  3/3        EV:  8    Int:  5    God:
Gold:   134        SH:  9    Dex: 11    Spells: 0 memorised, 3 levels left

rFire  . . .     SeeInvis .     a - +0 war axe
rCold  . . .     Clarity  .     b - +0 scale mail
rNeg   . . .     SustAt   .     c - +0 shield
rPois  .         Gourm    .     (helmet restricted)
rElec  .         Spirit   .     (no cloak)
rCorr  .         Warding  .     (no gloves)
rMut   .         Stasis   .     (no boots)
MR     .....                    (no amulet)
Stlth  ..........               (no ring)
                                (no ring)

@: not resistant to hostile enchantments, extremely unstealthy
A: retaliatory headbutt, horns 2
a: no special abilities


You were on level 3 of the Dungeon.
You were not hungry.

You visited 1 branch of the dungeon, and saw 3 of its levels.

You collected 134 gold pieces.

Inventory:

Hand weapons
 a - a +0 war axe (weapon)
Armour
 b - a +0 scale mail (worn)
 c - a +0 shield (worn)
Scrolls
 g - a scroll of fear {unknown}
 i - 2 scrolls of identify {unknown}
 k - a scroll of remove curse {unknown}
 o - a scroll of amnesia {unknown}
 p - 2 scrolls of fog {unknown}
 q - a scroll of enchant weapon {unknown}
 u - a scroll of enchant armour {unknown}
Potions
 d - a potion of might
 f - a potion of magic {unknown}
 j - a potion of mutation {unknown}
 n - 2 potions of brilliance {unknown}
 s - a potion of curing {unknown}
 t - a potion of lignification {unknown}
Comestibles
 e - 3 bread rations
 h - a meat ration
 l - 4 fruits
 m - a chunk of flesh
 r - a royal jelly
 v - a slice of pizza


   Skills:
 + Level 4.3 Fighting
 + Level 3.2 Axes
 + Level 4.4 Armour
 + Level 0.9 Dodging
 + Level 4.7 Shields


You had 3 spell levels left.
You didn't know any spells.

Dungeon Overview and Level Annotations

Branches:
Dungeon (3/15)

Altars:
Elyvilon
Yredelemnul
The Shining One

Annotations:
D:3 orochimarko's ghost, average DEIE


Innate Abilities, Weirdness & Mutations

You reflexively headbutt those who attack you in melee.
You have a pair of horns on your head.


Message History

Orochimarko's ghost hits you but does no damage.
The giant gecko bites you.
Orochimarko's ghost gestures at you while chanting.
You block the puff of frost. The giant gecko bites you.
Your shield and scale mail prevent you from hitting orochimarko's ghost.
Orochimarko's ghost is heavily damaged.
You hit the giant gecko.
You kill the giant gecko!
Orochimarko's ghost casts a spell at you.
You are frozen.
* * * LOW HITPOINT WARNING * * *
Orochimarko's ghost points at you and mumbles some strange words.
You block the puff of frost.
Orochimarko's ghost gestures at you while chanting.
You block the puff of frost.
There is an open door here.
You hear the slow rusting of a distant drain.
Orochimarko's ghost points at you and mumbles some strange words.
The puff of frost hits you!
You die...

#.......# #...#
####'##.# #...# #.##.#
#...# #.##.# #...#
#######.##.# #...#
........##.########
........##.......#
.......#########.#
.......# #@#
.......##### #.#
...........# #.#
#######....#####W#####
#....#.........#
#....#.........#
#....#.........+
#....#.........#
+....+.........'.....


You could see orochimarko's ghost.

Vanquished Creatures
  4 gnolls (D:2)
  2 adders (D:2)
  An ooze (D:1)
  A worm (D:2)
  2 giant geckos
  7 bats
  5 giant cockroaches
  2 goblins (D:2)
  A hobgoblin (D:1)
  12 kobolds
  A giant newt (D:2)
  6 jackals (D:1)
  4 rats
48 creatures vanquished.

Vanquished Creatures (others)
  A bat (D:2)
1 creature vanquished.

Grand Total: 49 creatures vanquished

Notes
Turn   | Place    | Note
--------------------------------------------------------------
     0 | D:1      | panicbit the Minotaur Fighter began the quest for the Orb.
     0 | D:1      | Reached XP level 1. HP: 19/19 MP: 0/0
   111 | D:1      | Reached XP level 2. HP: 21/27 MP: 1/1
   147 | D:1      | Reached skill level 4 in Shields
   665 | D:2      | Reached XP level 3. HP: 33/33 MP: 2/2
   802 | D:2      | Reached XP level 4. HP: 23/40 MP: 3/3
   864 | D:2      | Found a basalt altar of Yredelemnul.
   983 | D:2      | Found a white marble altar of Elyvilon.
  1057 | D:2      | Found a glowing golden altar of the Shining One.
  1109 | D:2      | Noticed an angel
  1264 | D:3      | Noticed orochimarko's ghost (average DEIE)
  1279 | D:3      | Killed from afar by orochimarko's ghost

Vault maps used:
D:1:      co_arrival_random_square_maze, hex_large
D:2:      grunt_temple_overflow_holy_war, lemuel_crystal_altar, first_bread
D:3:      nicolae_overflow_crystal_walls, portal_sewer_entry_d

Action                   |  1- 3 |  4- 6 || total
-------------------------+-------+-------++-------
Melee: War axe           |    68 |    42 ||   110
  Eat: Chunk             |       |     1 ||     1
